FIQ, neutral male scurrid Tourist ------------------ ---------................--------- -------................................------- ------.......................................!....------ ----......................r.............%.................---- -.............+...%.......rr.................................- -.............................r..................................- -........................................................)...........- |....%.........%..............................>..........................| |.....................(..................................................| |..................................<..........."................)........| ---....................................................................--- ---................................................................--- ---..?.........................................................--- ----................%..................................%..---- ------....................(..!....................------ -------./..............%...............------- ---------................--------- ------------------ FIQ the Rambler Experience level: 1 Strength: 12 Dexterity: 11 Constitution: 14 Intelligence: 15 Wisdom: 9 Charisma: 14 Health: 0(9) Energy: 2(2) Def: 0 Gold: 54 Moves: 34 Dungeon seed: p5w57HVfjdyu-RqR Game ID: FIQ_1498598247 Your Inventory: Coins $ - 54 gold pieces Weapons a - 45 uncursed +2 darts (in quiver) Armor e - an uncursed +0 Hawaiian shirt (being worn) Comestibles b - 3 uncursed tripe rations c - 3 uncursed fortune cookies d - 3 uncursed food rations f - 2 uncursed chestnuts g - an uncursed tin of newt meat h - an uncursed candy bar Scrolls k - 3 uncursed scrolls of magic mapping l - a blessed scroll of magic mapping Potions i - a blessed potion of extra healing j - an uncursed potion of extra healing Wands o - an uncursed wand of secret door detection (0:13) Tools m - an uncursed expensive camera (0:69) n - an uncursed credit card p - an uncursed towel Spells and supernatural/magical abilities: Name Level Category Fail Memory W - pray for help -- divine ? -- Your skills at the end: Miscellaneous Skills wands [Basic] Weapon Skills dart [Basic] Spellcasting Skills Final Attributes: You were devoutly aligned. You had infravision. You were very stealthy. You are dead. Vanquished creatures: a kitten a bat 2 creatures vanquished. Voluntary challenges: You went without food. You did not adorn yourself with jewelry or accessories. You did not cause conflict. You were not invisible. You did not have reflection. You were not displaced. You were an atheist. You never hit with a wielded weapon. You were a pacifist. You did not use tools. You did not use plumbed fixtures. You did not drink any magical draughts. You were illiterate. You never genocided any monsters. You never polymorphed an object. You never changed form. You used no wishes. You never split a pudding. You never wrote Elbereth's name. You never violated your personal moral code. Dungeon overview: The Dungeons of Doom: levels 1 to 14 Level 1 a long staircase Level 2 a general store Level 3 Level 4 Level 5 a fountain Level 6 Level 7 Level 8 a fountain, a sink Level 9 a temple to Offler Level 10 Level 11 Level 12 Level 13 Level 14 <- You were here History has recorded: On T:1 you entered the Dungeons of Doom to retrieve the Amulet of Yendor! On T:4 you reached level 2 of The Dungeons of Doom. On T:6 you reached level 3 of The Dungeons of Doom. On T:8 you reached level 4 of The Dungeons of Doom. On T:10 you reached level 5 of The Dungeons of Doom. On T:13 you reached level 6 of The Dungeons of Doom. On T:15 you reached level 7 of The Dungeons of Doom. On T:17 you reached level 8 of The Dungeons of Doom. On T:19 you reached level 9 of The Dungeons of Doom. On T:22 you reached level 10 of The Dungeons of Doom. On T:25 you reached level 11 of The Dungeons of Doom. On T:28 you reached level 12 of The Dungeons of Doom. On T:30 you reached level 13 of The Dungeons of Doom. On T:32 you reached level 14 of The Dungeons of Doom. Score breakdown: Gold: 0 ( 0 points) Experience: 1 level ( 0 points) Exploration: 14 levels ( 390 points) Discoveries: 0 items ( 0 points) Variety of kills: 2 monsters ( 100 points) Major goal: (nothing yet) ( 0 points) Survival: died (score multiplied by 3) Total score: 1470 Latest messages: You continue digging downward. You dig a hole through the floor. You fall through... You receive a faint telepathic message from Twoflower: Your help is urgently needed at Ankh-Morpork! Look for a ...ic transporter. You couldn't quite make out that last message. You hear some noises in the distance. You start digging downward. You continue digging downward. You dig a pit in the floor. You continue digging downward. You dig a hole through the floor. You fall through... You start digging downward. You continue digging downward. You dig a pit in the floor. You continue digging downward. You dig a hole through the floor. You fall through... You start digging downward. The wererat changes into a rat. The wererat claws you! You continue digging downward. You dig a pit in the floor. The rabid rat bites! You die... Final status: Aloha FIQ the Tourist, killed by a rabid rat... You died in The Dungeons of Doom on dungeon level 14 with 1470 points, and 54 pieces of gold, after 34 moves. You were level 1 with a maximum of 9 hit points when you died.